Map: Lerilak Crest

Players

Wellmet - Winner!

  • Race: Terran Terran
  • League: Diamond

QuangVinh

  • Race: Terran Terran
  • League: Diamond

VOD

Have the link to the VOD?

Description

Time

  • Played on: Nov. 14, 2015, 10:32 p.m.
  • Length: 7:19
Show
View Real Time Build Order
Export as new Build Order

Wellmet Terran - Winner!

Build Orders: Reaper Expand, Banshee Rush 

Get SALT Encoding   

  12  0:01  SCV  
  13  0:13  SCV  
  14  0:18  Supply Depot  
  14  0:25  SCV  
  15  0:40  SCV  
  16  0:42  Barracks  
  16  0:46  Refinery  
  16  0:52  SCV  
  17  1:04  SCV  
  18  1:16  SCV  
  19  1:30  Orbital Command  
  19  1:31  Reaper  
  20  1:43  Command Center  
  20  1:56  Supply Depot  
  20  1:57  SCV  
  21  2:05  Barracks Reactor, Refinery  
  21  2:09  SCV  
  23  2:22  SCV  
  23  2:28  Factory  
  23  2:39  SCV  
  23  2:42  Marine x2  
  25  2:51  SCV  
  25  2:58  Orbital Command  
  26  2:59  Marine  
  26  3:00  Marine  
  28  3:06  SCV  
  29  3:13  Factory Tech Lab, Starport  
  29  3:17  Marine x2  
  29  3:19  SCV  
  32  3:24  SCV  
  33  3:31  SCV  
  34  3:36  SCV, Marine x2  
  37  3:43  Supply Depot  
  37  3:44  SCV  
  37  3:46  Factory Tech Lab  
  37  3:48  SCV  
  39  3:55  Cloaking Field  
  39  3:56  Banshee  
  39  3:57  SCV, Marine x2  
  39  4:00  SCV  
  46  4:05  Supply Depot  
  46  4:06  Siege Tank  
  46  4:09  SCV  
  50  4:14  SCV  
  50  4:15  Marine x2  
  48  4:29  SCV  
  44  4:33  SCV, Marine x2  
  41  4:38  Siege Tank  
  41  4:41  SCV  
  45  4:48  Banshee  
  45  4:52  Marine x2  
  48  4:59  SCV  
  49  5:01  Orbital Command  
  46  5:16  Marine x2  
  46  5:17  Siege Tank  
  46  5:18  SCV  
  52  5:23  Command Center  
  44  5:38  Marine x2  
  46  5:45  SCV  
  47  5:50  Orbital Command  
  47  5:53  Siege Tank  
  47  5:56  Viking  
  52  5:59  SCV  
  53  6:09  Marine x2  
  55  6:12  SCV  
  55  6:14  Barracks  
  55  6:16  Barracks  
  56  6:24  SCV  
  54  6:31  SCV  
  54  6:32  Marine x2  
  55  6:38  SCV  
  55  6:41  Siege Tank  
  55  6:42  Orbital Command  
  55  6:43  SCV  
  56  6:50  SCV  
  56  6:51  Marine x2  
  59  6:55  SCV  
  60  7:03  SCV  
  60  7:04  Barracks Tech Lab x2  
  60  7:07  SCV  
Show
View Real Time Build Order
Export as new Build Order

QuangVinh Terran 

Build Orders: Liberator Opening 

Get SALT Encoding   

  12  0:01  SCV  
  13  0:13  SCV  
  14  0:18  Supply Depot  
  14  0:25  SCV  
  15  0:32  Refinery  
  15  0:40  SCV  
  16  0:46  Barracks  
  16  0:52  SCV  
  18  1:04  SCV  
  18  1:16  SCV  
  19  1:29  SCV  
  20  1:33  Marine  
  20  1:35  Factory  
  21  1:41  Orbital Command  
  21  1:49  Supply Depot  
  21  1:51  Marine  
  22  2:07  SCV  
  23  2:13  Command Center  
  23  2:15  Barracks Reactor  
  23  2:20  Hellion  
  25  2:37  Starport  
  25  2:44  SCV  
  26  2:46  Refinery  
  26  2:51  Supply Depot x2  
  26  2:56  SCV  
  27  3:03  Hellion x2  
  31  3:12  Marine  
  31  3:15  SCV  
  31  3:17  Medivac  
  35  3:26  Hellion x2  
  39  3:33  Orbital Command  
  39  3:47  Armory  
  39  3:51  Liberator  
  39  3:55  Hellion x2  
  43  3:56  SCV  
  43  4:01  Orbital Command  
  44  4:09  Refinery  
  45  4:22  Hellion x2  
  47  4:37  Liberator  
  46  4:42  SCV  
  46  4:43  Hellion x2, Factory  
  46  4:45  Factory  
  48  5:14  Hellion x2  
  40  5:40  SCV  
  33  5:48  Engineering Bay  
  30  5:54  SCV  
  30  5:55  SCV  
  30  5:56  Hellion, Viking  
  34  6:06  SCV  
  34  6:07  SCV  
  29  6:18  SCV  
  29  6:19  SCV  
  29  6:23  Missile Turret  
  28  6:30  SCV  
  28  6:31  SCV  
  13  6:43  SCV  
  13  6:44  SCV  
  13  6:48  Hellion  
  15  6:55  Hellion  
Tags
 
Add a new tag
Caveats
  • Supply blocks, unpowered buildings, or Contaminate may cause inaccurate times.
  • Supply counts are checked every 10 seconds.